 Dungeon Crawl Stone Soup version 0.27.0-1-g7a089689b8 (webtiles) character file.

Game seed: 17020658800260721494

1395 Malachi the Insei (level 8, -3/54 HPs)
             Began as a Demonspawn Transmuter on Aug 17, 2021.
             Slain by a red ugly thing (10 damage)
             ... on level 6 of the Dungeon.
             The game lasted 00:11:02 (7247 turns).

Malachi the Insei (Demonspawn Transmuter)           Turns: 7247, Time: 00:11:03

Health: -3/54      AC:  8    Str: 11    XL:     8   Next: 41%
Magic:  0/11       EV: 12    Int: 16    God:
Gold:   396        SH:  4    Dex: 14    Spells: 4/11 levels left

rFire    . . .     SeeInvis .   c - +2 short sword (venom)
rCold    . . .     Faith    .   (no shield)
rNeg     . . .     Spirit   +   q - +2 robe {Archmagi}
rPois    .         Reflect  .   (helmet restricted)
rElec    .         Harm     .   m - +0 cloak
rCorr    .         Rampage  .   d - +2 pair of gloves
Will     .....     Archmagi +   (no boots)
Stlth    +.........             (no amulet)
HPRegen  0.18/turn              b - ring of wizardry
MPRegen  0.24/turn              i - +4 ring of slaying

@: attractive
A: horns 1, large bone plates 1, magic shield, magic regeneration, demonic magic
1
a: no special abilities


You were on level 6 of the Dungeon.
You visited 1 branch of the dungeon, and saw 6 of its levels.

You collected 396 gold pieces.

Inventory:

Hand Weapons
 c - a +2 short sword of venom (weapon)
Missiles
 e - 36 poisoned darts
Armour
 d - a +2 pair of gloves (worn)
 m - a +0 cloak (worn)
 q - a +2 robe of the Archmagi (worn)
Jewellery
 b - a ring of wizardry (left hand)
 g - a +6 ring of intelligence
 h - a ring of poison resistance
 i - a +4 ring of slaying (right hand)
Scrolls
 f - 3 scrolls of amnesia
 j - a scroll of fog
Potions
 a - a potion of mutation


   Skills:
 - Level 1.0 Fighting
 - Level 1.8 Dodging
 * Level 6.2 Unarmed Combat
 - Level 2.0 Spellcasting
 * Level 5.8 Transmutations
 * Level 2.5 Ice Magic
 - Level 4.4 Poison Magic


You had 4 spell levels left.
You knew the following spells:

 Your Spells              Type           Power      Damage    Failure   Level
a - Ice Form              Ice/Tmut       22%        N/A       16%         4
b - Spider Form           Tmut/Pois      13%        N/A       3%          3

Your spell library contained the following spells:

 Spells                   Type           Power      Damage    Failure   Level
 Beastly Appendage        Tmut           60%        N/A       1%          1
 Sting                    Tmut/Pois      100%       1d8       1%          1
 Wereblood                Tmut           30%        N/A       1%          2
 Poisonous Vapours        Pois/Air       26%        N/A       4%          2
 Ignite Poison            Fire/Tmut/Pois 18%        N/A       6%          3
 Ozocubu's Armour         Ice            14%        N/A       9%          3
 Mephitic Cloud           Conj/Pois/Air  9%         N/A       13%         3
 Olgreb's Toxic Radiance  Pois           24%        N/A       13%         4
 Metabolic Englaciation   Hex/Ice        4%         N/A       77%         5
 Bolt of Magma            Conj/Fire/Erth 1%         4d4       89%         5
 Simulacrum               Ice/Necr       4%         N/A       99%         6


Dungeon Overview and Level Annotations

Branches:
Dungeon (6/15)
 Temple: D:4-7

Altars:
Fedhas
Kikubaaqudgha
Uskayaw
Xom
Zin

Shops:
D:3 =(:


Innate Abilities, Weirdness & Mutations

You have a pair of small horns on your head.
You are partially covered in large bone plates. (SH +4)
When hurt, damage is shared between your health and your magic reserves.
You regenerate magic rapidly.
Spells you cast may paralyse adjacent enemies.


Message History

You start resting.
Your transformation is almost over.
You start resting.
Your transformation has ended.
Your +2 short sword of venom unmelds from your body.
Your +0 cloak unmelds from your body.
Your +2 pair of gloves unmelds from your body.
Your +2 robe of the Archmagi unmelds from your body.
Your +2 short sword of venom begins to drip with poison!
You feel powerful.
You start resting.
Your extra speed is starting to run out.
You start resting.
You feel yourself slow down.
Magic restored.
HP restored.
Found a flail.
You now have 396 gold pieces (gained 14).
Found a glowing morningstar.
h - a ring of poison resistance A troll comes into view.
A red ugly thing comes into view.
The red ugly thing gurgles horribly!
The troll shouts!
You hear a shout!
You see here a +2 morningstar of protection.
You aren't carrying any items that you can evoke.
Unknown command.
Press: ? - help, . - travel You can't see that place. [a rock wall.]
Okay, then.
The troll closely misses you. The troll claws you. The troll barely misses you.
The red ugly thing kicks you.
You are engulfed in flames!
The troll bites you! The troll barely misses you. x2
The red ugly thing misses you. The red ugly thing kicks you.
You are engulfed in flames!!
* * * LOW HITPOINT WARNING * * *
It was a potion of attraction.
You feel attractive to monsters. The red ugly thing kicks you!
You die...

...#...##...##...######.....#
#.)
...#........#.........#.....#
#.u
...'........#....)....#.....#
##T
...#........#.........#.....#
#.
####........'.........#.....#
#. #...##...#.........#.....#
#.
##...##...#######.........####.
#....##...###..##..#######.....
#........)....@u....# #.....
#..............T....# #.....
#######.............# #.....
#....##.##...## #.....
#รท...##.##...# ######
................
..................
..................
#############


You could see a red ugly thing and a troll.

Vanquished Creatures
  Sigmund (D:6)
  A water moccasin (D:5)
  An ice beast (D:4)
  A hornet zombie (D:5)
  A necrophage (D:5)
  A centaur (D:6)
  A scorpion (D:6)
  A wyvern skeleton (D:5)
  2 howler monkeys
  A bullfrog zombie (D:6)
  A jelly (D:5)
  3 hounds
  2 centaur skeletons (D:4)
  3 orc priests
  3 orc wizards
  4 iguanas
  3 adders (D:2)
  A shadow imp (D:6)
  2 adder skeletons
  A worm (D:2)
  2 dart slugs
  9 orcs
  5 ball pythons
  10 endoplasms
  3 giant cockroaches
  6 hobgoblins
  8 kobolds
  A quokka (D:1)
  4 bats
  A frilled lizard (D:1)
  5 rats
88 creatures vanquished.

Notes
Turn   | Place    | Note
-------+----------+-------------------------------------------
     0 | D:1      | Malachi the Demonspawn Transmuter began the quest for the
                  | Orb.
     0 | D:1      | Reached XP level 1. HP: 15/15 MP: 3/3
   198 | D:1      | Reached skill level 3 in Unarmed Combat
   203 | D:1      | Gained mutation: You are partially covered in large bone
                  | plates. (SH +4) [demonic ancestry]
   203 | D:1      | Reached XP level 2. HP: 11/21 MP: 3/5
   955 | D:2      | Gained mutation: You regenerate magic rapidly. [demonic
                  | ancestry]
   955 | D:2      | Reached XP level 3. HP: 23/26 MP: 6/6
   959 | D:2      | Learned a level 3 spell: Spider Form
  2141 | D:3      | Found Xituxag's Book Shoppe.
  2178 | D:3      | Reached skill level 1 in Poison Magic
  2179 | D:3      | Reached XP level 4. HP: 32/32 MP: 7/7
  2436 | D:3      | Found Waoral's Weapon Emporium.
  2476 | D:3      | Found Qufruclu's Jewellery Shop.
  2605 | D:3      | Gained mutation: When hurt, damage is shared between your
                  | health and your magic reserves. [demonic ancestry]
  2605 | D:3      | Reached XP level 5. HP: 8/37 MP: 8/8
  2950 | D:3      | Learned a level 4 spell: Ice Form
  3063 | D:3      | Reached skill level 4 in Unarmed Combat
  3199 | D:3      | Found a faded altar of an unknown god.
  3473 | D:4      | Noticed an ice beast
  3493 | D:4      | Killed an ice beast
  3494 | D:4      | Reached XP level 6. HP: 31/43 MP: 7/9
  3991 | D:4      | Found an ancient bone altar of Kikubaaqudgha.
  3994 | D:4      | Found a hide-covered altar of Uskayaw.
  3999 | D:4      | Found a blossoming altar of Fedhas.
  4203 | D:5      | Entered Level 5 of the Dungeon
  4778 | D:5      | Gained mutation: You have a pair of small horns on your
                  | head. [demonic ancestry]
  4778 | D:5      | Reached XP level 7. HP: 48/48 MP: 10/10
  4794 | D:5      | Reached skill level 5 in Unarmed Combat
  5043 | D:5      | Found a shimmering altar of Xom.
  5395 | D:5      | Reached skill level 5 in Transmutations
  6246 | D:5      | Reached skill level 1 in Ice Magic
  6633 | D:6      | Gained mutation: Spells you cast may paralyse adjacent
                  | enemies. [demonic ancestry]
  6633 | D:6      | Reached XP level 8. HP: 50/54 MP: 9/11
  6675 | D:6      | Noticed Sigmund
  6683 | D:6      | Killed Sigmund
  6908 | D:6      | Reached skill level 6 in Unarmed Combat
  7216 | D:6      | Noticed a troll
  7217 | D:6      | Noticed a red ugly thing
  7247 | D:6      | Slain by a red ugly thing

Illustrated notes

Levels and vault maps discovered:
D:1:      dpeg_arrival_windows_large_door, layout_rooms, minmay_splitting_lines
D:2:      layout_rooms, minmay_stone_trees_large
D:3:      layout_rooms, shapermc_ecumenical_altar_mp_urbaneastern, serial_shops,
          shop, nicolae_shop_stone, shop
D:4:      layout_rooms, grunt_temple_overflow_open, grunt_decor_clamped
D:5:      layout_layer_cave, zin_statuary, xom_teletrap_fun
D:6:      minmay_general_purpose_star, layout_gridville,
          nicolae_dithmenos_through_a_glass_darkly, uniq_sigmund

Skill      XL: |  1  2  3  4  5  6  7  8 |
---------------+-------------------------+-----
Unarmed Combat | 3 4 5 6 |  6.2
Transmutations | 2 3 4 5 |  5.8
Poison Magic   | 1 2 3 4 |  4.4
Ice Magic      | 1 2 |  2.5
Fighting       | |  1.0
Dodging        | |  1.8
Spellcasting   | |  2.0

Action                   |  1- 3 |  4- 6 |  7- 9 || total
-------------------------+-------+-------+-------++-------
Melee: Unarmed           |   105 |    23 |     9 ||   137
       Headbutt          |     8 |       |    19 ||    27
       Kick              |     6 |       |       ||     6
       Short sword       |     5 |   110 |    69 ||   184
 Cast: Beastly Appendage |    14 |       |       ||    14
       Spider Form       |     1 |       |     2 ||     3
  Use: Scroll            |     3 |     3 |     2 ||     8
       Potion            |       |     1 |     4 ||     5
 Stab: Sleeping          |     1 |       |       ||     1
Armor: Robe              |    23 |    39 |    17 ||    79
Dodge: Dodged            |    62 |   101 |    48 ||   211
Block: Other             |    10 |    25 |     8 ||    43
